 Dungeon Crawl Stone Soup version 0.29-a0-613-gf2c431b9b9 (webtiles) character file.

Game seed: 5694060175616855914

376 magipi the Skirmisher (level 6, -8/58 HPs)
             Began as a Gargoyle Berserker on June 17, 2022.
             Was a Believer of Trog.
             Killed from afar by a steam dragon (9 damage)
             ... with a ball of steam
             ... on level 4 of the Dungeon.
             The game lasted 00:08:20 (2750 turns).

magipi the Skirmisher (Gargoyle Berserker)          Turns: 2750, Time: 00:08:21

Health: -8/58      AC: 12    Str: 20    XL:     6   Next: 73%
Magic:  6/6        EV: 11    Int:  8    God:    Trog [**....]
Gold:   187        SH:  3    Dex: 14    Spells: 5/5 levels left

rFire   . . .      SeeInvis .   a - +0 war axe
rCold   . . .      Faith    .   n - +0 buckler
rNeg    + . .      Spirit   .   f - +1 ring mail of Whack-A-Mole {Dex+3}
rPois   ∞          Reflect  .   p - +0 helmet
rElec   +          Harm     .   (no cloak)
rCorr   .          Rampage  .   (no gloves)
Will    +....                   (no boots)
Stlth   ..........              (no amulet)
HPRegen 0.19/turn               m - ring of willpower
MPRegen 0.10/turn               (no ring)

@: berserking (expiring), very quick
A: sickness immunity, AC +4, negative energy resistance 1, electricity
resistance, torment resistance 1, petrification resistance
a: Renounce Religion, Berserk, Trog's Hand


You were on level 4 of the Dungeon.
You worshipped Trog.
Trog was pleased with you.
You visited 1 branch of the dungeon, and saw 4 of its levels.

You collected 187 gold pieces.

Inventory:

Hand Weapons
 a - a +0 war axe (weapon)
   (You found it on level 4 of the Dungeon)
Missiles
 e - 18 poisoned darts (quivered)
 q - 6 javelins
 s - 6 atropa-tipped darts
Armour
 f - the +1 ring mail of Whack-A-Mole (worn) {Dex+3}
   (You found it on level 2 of the Dungeon)

   Dex:       It affects your dexterity (+3).
 n - a +0 buckler (worn)
   (You found it on level 3 of the Dungeon)
 p - a +0 helmet (worn)
   (You took it off Robin on level 3 of the Dungeon)
Jewellery
 m - a ring of willpower (left hand)
   (You found it on level 3 of the Dungeon)
 t - a +4 ring of protection
   (You found it on level 3 of the Dungeon)
Wands
 z - a wand of iceblast (7)
   (You found it on level 4 of the Dungeon)
Scrolls
 b - 2 scrolls of fog {unknown}
 c - 2 scrolls of identify {unknown}
 d - a scroll of summoning {unknown}
 g - 2 scrolls of enchant armour {unknown}
 i - a scroll of poison {unknown}
 k - a scroll of immolation {unknown}
 r - a scroll of vulnerability {unknown}
 x - a scroll of acquirement {unknown}
 y - a scroll of blinking {unknown}
Potions
 h - a potion of lignification {unknown}
 j - a potion of cancellation {unknown}
 l - 2 potions of magic {unknown}
 o - a potion of attraction {unknown}
 u - a potion of degeneration {unknown}
 v - a potion of haste {unknown}
 w - a potion of ambrosia {unknown}


   Skills:
 + Level 4.4 Fighting
 * Level 4.4 Axes
 + Level 1.9 Throwing
 + Level 3.6 Armour
 + Level 2.8 Dodging
 + Level 0.0 Evocations


You had 5 spell levels left.
You didn't know any spells.
Your spell library contained the following spells:

 Spells                   Type           Power      Damage    Failure   Level
 Scorch                   Fire           0%         2d5       83%         2
 Flame Wave               Conj/Fire      0%         2d4       100%        4
 Summon Cactus Giant      Summ           0%         N/A       100%        6


Dungeon Overview and Level Annotations

Branches:
Dungeon (4/15)             Temple (0/1) D:4

Altars:


Innate Abilities, Weirdness & Mutations

You are immune to sickness and miasma.
Your stone body is resilient. (AC +4)
You are immune to poison.
You resist negative energy. (rN+)
You are resistant to electric shocks. (rElec)
You are resistant to unholy torment.
You are immune to petrification.


Message History

e - 18 poisoned darts (gained 6)
You open the door.
There is an open door here.
Found a scroll labelled NOEMIB QALUK.
x - a scroll labelled NOEMIB QALUK
y - a scroll labelled ZIUDO XANKYUWI A kobold comes into view.
It is wielding a +0 short sword.
The kobold shouts!
The kobold throws a stone.
You block the stone.
You hit the kobold.
The kobold is severely wounded.
The kobold hits you but does no damage.
You barely miss the kobold.
The kobold is severely wounded.
The kobold closely misses you.
You closely miss the kobold.
The kobold is severely wounded.
The kobold closely misses you.
You hit the kobold.
You kill the kobold!
Trog accepts your kill.
Things that are here:
a +0 short sword; 3 stones; a kobold corpse
Found a spear.
You open the door.
There is an open door here.
You open the door.
There is an open door here.
Found a stone staircase leading up.
Found a staircase to the Ecumenical Temple.
Found a war axe.
Found a dagger and a shiny glass wand.
An adder comes into view.
The adder hisses angrily.
You see here a +0 war axe.
Unknown command.
Unknown command.
You are now empty-handed.
You drop a +0 hand axe.
Unknown command.
a - a +0 war axe Unknown command.
a - a +0 war axe (weapon)
You slash the adder!
The adder is heavily wounded.
The adder barely misses you.
Unknown command.
Unknown command.
You slash the adder!
You kill the adder!
Trog accepts your kill.
No target in view!
Unknown command.
No target in view!
Unknown command.
z - a wand of iceblast (7)
Found a stone staircase leading up.
A steam dragon comes into view.
The steam dragon hisses angrily.
The steam dragon breathes steam at you. The ball of steam hits you!
The steam dragon moves out of view.
A red film seems to cover your vision as you go berserk!
You feel yourself moving faster!
You feel mighty! The steam dragon breathes steam at you.
The ball of steam hits you!
You feel a strong urge to attack something.
You are engulfed in a cloud of scalding steam.
You barely miss the steam dragon.
You are engulfed in a cloud of scalding steam.
* * * LOW HITPOINT WARNING * * *
The steam dragon bites you but does no damage.
The steam dragon claws you but does no damage.
You slice the steam dragon!!
The steam dragon is severely wounded.
You are engulfed in a cloud of scalding steam.
The steam dragon barely misses you. x2
Unknown command.
You hit the steam dragon but do no damage.
The steam dragon is severely wounded.
You are engulfed in a cloud of scalding steam.
You slash the steam dragon!
The steam dragon is almost dead.
You are engulfed in a cloud of scalding steam.
* * * LOW HITPOINT WARNING * * *
The steam dragon breathes steam at you. The ball of steam hits you!
* * * LOW HITPOINT WARNING * * *
Unknown command.
Unknown command.
You closely miss the steam dragon.
The steam dragon is almost dead.
The steam dragon closely misses you.
The steam dragon claws you but does no damage.
You completely miss the steam dragon.
The steam dragon is almost dead.
You block the steam dragon's attack. The steam dragon completely misses you.
You hit the steam dragon.
The steam dragon is almost dead.
The steam dragon breathes steam at you. The ball of steam hits you!
You die...

#.........†..#.#.##
##.##.#..#...###.#
#.##.#.....## #.#
#<##.#.##### #.#
#.##.#.# #.# #.#
.#. #.# #.. .. #.#
#.# ##@## #####.#
#..D# ......#
#.#.....D. #######
#. .#####. ## ##


You could see a steam dragon (catching breath).

Vanquished Creatures
  Sigmund (D:3)
  A hound (D:3)
  Jessica (D:3)
  Robin (D:3)
  9 adders
  3 worms
  2 dart slugs
  2 ball pythons
  9 bats
  4 endoplasms
  3 giant cockroaches
  9 hobgoblins
  4 jackals (D:3)
  A quokka (D:1)
  3 frilled lizards
  10 goblins
  2 kobolds
  6 rats
71 creatures vanquished.

Notes
Turn   | Place    | Note
-------+----------+-------------------------------------------
     0 | D:1      | magipi the Gargoyle Berserker began the quest for the Orb.
     0 | D:1      | Reached XP level 1. HP: 14/14 MP: 1/1
    53 | D:1      | Found a faded altar of an unknown god.
   426 | D:1      | Reached XP level 2. HP: 18/19 MP: 2/2
  1045 | D:1      | Reached XP level 3. HP: 19/23 MP: 3/3
  1123 | D:2      | Identified the +1 ring mail of Whack-A-Mole {Dex+3}
  1351 | D:2      | Reached XP level 4. HP: 29/29 MP: 4/4
  1484 | D:3      | Noticed Robin
  1495 | D:3      | Noticed Sigmund
  1543 | D:3      | Reached ** piety under Trog
  1563 | D:3      | Noticed Jessica
  1568 | D:3      | Killed Jessica
  1569 | D:3      | Reached skill level 1 in Throwing
  1581 | D:3      | Reached XP level 5. HP: 30/33 MP: 5/5
  1653 | D:3      | Killed Robin
  1704 | D:3      | Killed Sigmund
  1705 | D:3      | Reached XP level 6. HP: 39/39 MP: 6/6
  2669 | D:4      | Found a staircase to the Ecumenical Temple.
  2737 | D:4      | Noticed a steam dragon
  2747 | D:4      | HP: 1/58 [steam dragon/ball of steam (12)]
  2750 | D:4      | Killed from afar by a steam dragon

Illustrated notes

Levels and vault maps discovered:
D:1:      wander_arrival_abandoned_jail, layout_basic,
          ebering_ecumenical_altar_petrified
D:2:      layout_rooms
D:3:      layout_loops_cross, uniq_robin, uniq_jessica, uniq_sigmund
D:4:      layout_loops_corners, minmay_temple_entry_sparse_star

Skill      XL: |  1  2  3  4  5 |
---------------+----------------+-----
Axes           | 3 4 |  4.4
Dodging        | 2 |  2.8
Throwing       | 1 |  1.9
Fighting       | 4 |  4.4
Armour         | 3 |  3.6

Action                   |  1- 3 |  4- 6 || total
-------------------------+-------+-------++-------
Melee: Hand axe          |   132 |   169 ||   301
       Punch             |     2 |       ||     2
       War axe           |       |     9 ||     9
Invok: Berserk           |     4 |     3 ||     7
       Trog's Hand       |       |     1 ||     1
Armor: Animal skin       |    11 |       ||    11
       Ring mail         |    50 |    80 ||   130
Dodge: Dodged            |    87 |   107 ||   194
Block: Buckler           |       |    14 ||    14

Table legend: (Time is in decaauts)
 A = Elapsed time spent in this place.
 B = Non-inter-level travel time spent in this place.
 C = Inter-level travel time spent in this place.
 D = Time resting spent in this place.
 E = Time spent auto-exploring this place.
 F = Levels seen in this place.
 G = Mean time per level.
                   A        B        C        D        E       F      G
               +--------+--------+--------+--------+--------+-----+--------+
         Total |   2850 |   2780 |     70 |    340 |   1120 |   4 |  712.5 |
       Dungeon |   2850 |   2780 |     70 |    340 |   1120 |   4 |  712.5 |
               +--------+--------+--------+--------+--------+-----+--------+

Top non-repeatable levels by time:
     D:1: 1092 daAuts
     D:3: 1050 daAuts
     D:2: 487 daAuts
     D:4: 220 daAuts
